 Dungeon Crawl Stone Soup version 0.29-a0-559-g359e09b (webtiles) character file.

Game seed: 12556409209017997342

4 Illumine the Cudgeller (level 1, 0/19 HPs)
             Began as a Meteoran Cinder Acolyte on June 8, 2022.
             Was a High Priest of Ignis.
             Slain by a bat (1 damage)
             ... on level 1 of the Dungeon.
             The game lasted 00:00:24 (97 turns).

Illumine the Cudgeller (Meteoran Cinder Acolyte)      Turns: 97, Time: 00:00:24

Health: 0/19       AC:  2    Str: 15    XL:     1   Next: 85%
Magic:  4/4        EV: 11    Int: 15    God:    Ignis [*****.]
Gold:   0          SH:  0    Dex:  9    Spells: 3/3 levels left

rFire   + . .      SeeInvis .   a - -1 mace (flame)
rCold   . . .      Faith    .   (no shield)
rNeg    . . .      Spirit   .   b - +0 robe
rPois   .          Reflect  .   (no helmet)
rElec   .          Harm     .   (no cloak)
rCorr   .          Rampage  .   (no gloves)
Will    .....                   (no boots)
Stlth   +.........              (no amulet)
HPRegen 0.06/turn               (no ring)
MPRegen 0.09/turn               (no ring)

@: glowing
A: sense surroundings 1, otherworldly, glowing, explore regen
a: Renounce Religion, Fiery Armour, Foxfire Swarm, Rising Flame


You were on level 1 of the Dungeon.
You worshipped Ignis.
Ignis was extremely pleased with you.
You visited 1 branch of the dungeon, and saw 1 of its levels.

Inventory:

Hand Weapons
 a - a -1 mace of flaming (weapon)
Missiles
 c - 6 javelins (quivered)
Armour
 b - a +0 robe (worn)


   Skills:
 + Level 3.3 Fighting
 + Level 4.1 Maces & Flails
 + Level 1.5 Spellcasting
 + Level 3.7 Fire Magic


You had 3 spell levels left.
You didn't know any spells.
Your spell library contained the following spells:

 Spells                   Type           Power      Damage    Failure   Level
 Scorch                   Fire           24%        2d6       8%          2


Dungeon Overview and Level Annotations

Branches:
Dungeon (1/15)

Altars:


Innate Abilities, Weirdness & Mutations

You passively map a small area around you.
You are easily found by Zot.
You glow in the dark.
You regain HP and MP as you explore.


Message History

The hobgoblin attacks as you move away! The hobgoblin barely misses you.
You enter the shallow water.
Moving in this stuff is going to be slow.
You hear a splashing noise.
You hear a splashing noise.
You hear a splashing noise.
You hit the hobgoblin. You burn the hobgoblin.
The hobgoblin is moderately wounded.
The hobgoblin hits you.
* * * LOW HITPOINT WARNING * * *
You hear a splashing noise.
The hobgoblin splashes around in the water.
You hit the hobgoblin. You burn the hobgoblin.
You kill the hobgoblin!
The bat hits you but does no damage.
There are monsters nearby!
The bat hits you but does no damage. The bat hits you but does no damage.
The bat barely misses you. The bat attacks as you move away!
The bat hits you but does no damage. x2
You see here a rat corpse.
The bat hits you but does no damage. The bat completely misses you.
The bat hits you but does no damage. The bat misses you.
The bat attacks as you move away! The bat misses you. The bat hits you.
* * * LOW HITPOINT WARNING * * *
The bat attacks as you move away! The bat closely misses you.
The bat hits you but does no damage. The bat barely misses you.
An endoplasm comes into view.
The endoplasm quivers.
The bat closely misses you.
Found a scroll labelled SAEPET MILISHUKK.
A ball python comes into view.
The bat hits you but does no damage. The endoplasm hits you.
* * * LOW HITPOINT WARNING * * *
You hit the endoplasm. You burn the endoplasm.
You kill the endoplasm!
The bat hits you but does no damage. The bat hits you.
You die...

.......†#...# #.##PP≈
,
#######.....###.##†≈P
* , #.#...†.....P≈≈ *
#.##.########## *
#....# # , *
##...#.##, , * *
#...........
#.########g...####...
#......@b.K...# ,
###########...# ,, ,
, , ....# * , , *
##...#* * * *#....? ,
....S. , ** .#.... *
, * ,


You could see a gnoll, a bat and a kobold.

Vanquished Creatures
  An endoplasm (D:1)
  A hobgoblin (D:1)
  2 rats (D:1)
4 creatures vanquished.

Vanquished Creatures (others)
  4 plants (D:1)
4 creatures vanquished.

Grand Total: 8 creatures vanquished

Notes
Turn   | Place    | Note
-------+----------+-------------------------------------------
     0 | D:1      | Illumine the Meteoran Cinder Acolyte began the quest for
                  | the Orb.
     0 | D:1      | Reached XP level 1. HP: 19/19 MP: 3/3
    97 | D:1      | Slain by a bat

Illustrated notes

Levels and vault maps discovered:
D:1:      psy_arrival_conway, layout_loops_ring,
          chequers_ecumenical_altar_twisty

Action                   || total
-------------------------++-------
Melee: Mace              ||    11
Armor: Robe              ||    15
Dodge: Dodged            ||    23

Table legend: (Time is in decaauts)
 A = Elapsed time spent in this place.
 B = Non-inter-level travel time spent in this place.
 C = Inter-level travel time spent in this place.
 D = Time resting spent in this place.
 E = Time spent auto-exploring this place.
 F = Levels seen in this place.
 G = Mean time per level.
                   A        B        C        D        E       F      G
               +--------+--------+--------+--------+--------+-----+--------+
         Total |    106 |    106 |      0 |      0 |     43 |   1 |  106.0 |
       Dungeon |    106 |    106 |      0 |      0 |     43 |   1 |  106.0 |
               +--------+--------+--------+--------+--------+-----+--------+

Top non-repeatable levels by time:
     D:1: 106 daAuts
